AoeStats
← K1llaCapPilla

Nomad

509752953Analyzed
4v4 RM · 4d ago on Sep 27, 2026· 34m 51s· 8 players
Game mode
Random Map
Map size
231×231
Population
200
Speed
Normal
Resources
Standard
Victory
Conquest
Starting age
Dark Age
Ending age
Imperial Age
RankedLock teamsTeams togetherTeam positionsShared explorationLock speedFull tech treeHidden civsTurbo modeCheats
Victory
Defeat
🇹🇷 Wu · Türkiye
1703
+9
🇹🇷 Berbers · Türkiye
1666
+10
🇹🇷 Magyars · Türkiye
1563
+14
🇹🇷 Spanish · Türkiye
1493
+17
🇲🇽 Turks · Mexico
1637
-16
🇦🇷 Maya · Argentina
1542
-13
🇺🇸 Mongols · United States
1499
-11
🇺🇸 Celts · United States
1453
-10
K1llaCapPilla
5:54 Loom
14:11 Feudal Age
19:09 Castle Age
17:53 Double-Bit Axe
19:02 Scale Barding Armor
18:57 Horse Collar
20:07 Bow Saw
21:04 Wheelbarrow
25:39 Hand Cart
26:22 Town Watch
26:41 Heavy Plow
28:31 Pikeman
29:13 Scale Mail Armor
30:41 Fletching
32:20 Bodkin Arrow
37:18 Imperial Age
UrielFlocru
4:38 Loom
13:06 Feudal Age
17:10 Castle Age
17:12 Scale Barding Armor
22:00 Forging
Alexis
4:15 Loom
12:27 Feudal Age
16:48 Castle Age
14:53 Fletching
16:06 Double-Bit Axe
17:23 Bodkin Arrow
29:13 Sanctity
29:05 Horse Collar
30:42 Bow Saw
31:24 Fervor
Eat_Rice
5:33 Loom
14:46 Feudal Age
18:49 Castle Age
18:03 Double-Bit Axe
19:39 Fletching
32:22 Bow Saw
34:31 Wheelbarrow
35:12 Gold Mining
Ainz_Own_Goal
6:24 Loom
13:53 Feudal Age
31:31 Castle Age
29:44 Double-Bit Axe
32:38 Scale Barding Armor
36:02 Imperial Age
35:06 Chain Barding Armor
PIKACHU
4:58 Loom
14:04 Feudal Age
17:42 Castle Age
15:27 Fishing Lines
15:41 Double-Bit Axe
17:45 Scale Barding Armor
18:45 Bow Saw
19:03 Husbandry
19:47 Light Cavalry
21:19 Horse Collar
23:16 Gillnets
26:30 Bloodlines
27:37 Wheelbarrow
27:50 Heavy Plow
28:57 Chain Barding Armor
29:51 Town Watch
30:25 Hand Cart
30:26 Forging
32:55 Iron Casting
34:56 Gold Mining
34:56 Stone Mining
Théoden
4:28 Loom
5:44 Loom
13:52 Feudal Age
17:54 Castle Age
17:35 Horse Collar
30:50 Gold Mining
32:55 Padded Archer Armor
Jrfear
5:05 Loom
12:38 Feudal Age
13:18 Double-Bit Axe
14:31 Fishing Lines
16:13 Town Watch
20:20 Castle Age
21:32 Bow Saw
21:53 Medium Warships
22:50 Horse Collar
23:40 Gillnets
24:02 Heavy Plow
25:26 Gold Mining
25:28 Stone Mining
26:15 Wheelbarrow
27:27 Hand Cart
31:26 Imperial Age
30:11 Scale Barding Armor
30:16 Forging
30:29 Husbandry
30:40 Bloodlines
31:33 Chain Barding Armor
32:56 Conscription
33:25 Plate Barding Armor
33:26 Iron Casting
32:17 Heavy Hei Guang Cavalry
34:39 Two-Man Saw
33:42 Scale Mail Armor
Connection lost

Rejoining the realm…

Still unreachable

The connection could not be restored.

Session expired

The server has moved on; the page needs a fresh start.